 Dungeon Sprint DCSS version 0.21-a0-297-ga3d34c2 (webtiles) character file.

1302 potatolord6000 the Infuser (level 8, -3/68 HPs)
             Began as a Gnoll Skald on Sept 28, 2017.
             Was a High Priest of Sif Muna.
             Slain by a demonic crawler (6 damage)
             ... in the Dungeon (Sprint VII: "The Pits").
             The game lasted 00:06:51 (1172 turns).

potatolord6000 the Infuser (Gnoll Skald)            Turns: 1172, Time: 00:06:51

Health: -3/68      AC:  3    Str: 19    XL:     8   Next: 57%
Magic:  20/20      EV: 17    Int: 19    God:    Sif Muna [*****.]
Gold:   0          SH:  0    Dex: 14    Spells: 12/23 levels left

rFire    . . .     SeeInvis .   f - +1 long sword (holy)
rCold    . . .     Gourm    .   (no shield)
rNeg     . . .     Faith    .   b - +0 leather armour
rPois    .         Spirit   .   (no helmet)
rElec    .         Reflect  .   (no cloak)
rCorr    .         Harm     .   (no gloves)
MR       .....     NoTele   +   (no boots)
Stlth    +++.......             (no amulet)
HPRegen  0.21/turn              k - +3 ring of strength
MPRegen  0.17/turn              q - +3 ring of intelligence

@: no status effects
A: distributed training, fangs 1, strong nose
a: Divine Energy, Channel Magic, Forget Spell, Renounce Religion


You were in the Dungeon.
You worshipped Sif Muna.
Sif Muna was extremely pleased with you.
You were completely stuffed.

You visited 1 branch

Inventory:

Hand Weapons
 f - a +1 long sword of holy wrath (weapon)
Armour
 b - a +0 leather armour (worn)
 u - a +0 helmet
Jewellery
 k - a +3 ring of strength (left hand)
 q - a +3 ring of intelligence (right hand)
Scrolls
 l - 3 scrolls of remove curse
 m - 4 scrolls of amnesia
 n - a scroll of summoning
Potions
 a - 2 potions of invisibility
 e - 6 potions of curing
 g - 2 potions of haste
 h - 4 potions of magic
 i - 3 potions of berserk rage
 r - 4 potions of heal wounds
 s - a potion of agility
 t - a potion of might
Books
 c - a book of Battle

   Spells                             Type                      Level
   a - Infusion                       Charms                       1
   b - Shroud of Golubria             Charms/Translocation         2
   c - Song of Slaying                Charms                       2
   d - Spectral Weapon                Hexes/Charms                 3
   e - Regeneration                   Charms/Necromancy            3
 j - Limoorec's Disquisition on Dark Confrontation
   (Sif Muna gifted it to you in the Dungeon)

   Spells                             Type                      Level
   a - Animate Skeleton               Necromancy                   1
   b - Throw Frost                    Conjuration/Ice              2
   c - Force Lance                    Conjuration/Translocation    4
   d - Fulminant Prism                Conjuration/Hexes            4
   e - Infestation                    Necromancy                   8
Comestibles
 d - 8 bread rations
 o - 40 fruits
 p - 5 meat rations


   Skills:
 + Level 7.8 Fighting
 + Level 6.5 Short Blades
 + Level 8.5 Long Blades
 + Level 6.3 Axes
 + Level 6.0 Maces & Flails
 + Level 6.4 Polearms
 + Level 6.0 Staves
 + Level 6.3 Slings
 + Level 5.9 Bows
 + Level 5.8 Crossbows
 + Level 6.3 Throwing
 + Level 7.1 Armour
 + Level 8.2 Dodging
 + Level 6.0 Stealth
   Level 0.0 Stabbing
 + Level 6.5 Shields
   Level 0.0 Traps
 + Level 5.8 Unarmed Combat
 + Level 8.3 Spellcasting
 + Level 6.2 Conjurations
 + Level 7.0 Hexes
 + Level 8.9 Charms
 + Level 6.5 Summonings
 + Level 6.6 Necromancy
 + Level 7.2 Translocations
 + Level 6.2 Transmutations
 + Level 6.3 Fire Magic
 + Level 6.3 Ice Magic
 + Level 5.1 Air Magic
 + Level 6.7 Earth Magic
 + Level 6.3 Poison Magic
 + Level 6.3 Invocations
 + Level 5.9 Evocations


You had 12 spell levels left.
You knew the following spells:

 Your Spells              Type           Power        Failure   Level  Hunger
a - Infusion              Chrm           ####         1%          1    None
b - Song of Slaying       Chrm           #####...     1%          2    None
c - Force Lance           Conj/Tloc      ####....     6%          4    ###....
d - Spectral Weapon       Hex/Chrm       #####...     1%          3    None
e - Animate Skeleton      Necr           N/A          1%          1    None


Dungeon Overview and Level Annotations

Branches:
Dungeon (1/1)

Altars:
Ashenzari
Cheibriados
Dithmenos
Elyvilon
Fedhas
Gozag
Hepliaklqana
Kikubaaqudgha
Makhleb
Nemelex Xobeh
Okawaru
Qazlal
Ru
Sif Muna
Trog
Uskayaw
Vehumet
Wu Jian
Xom
Yredelemnul
Zin
The Shining One
Beogh
Jiyva
Lugonu


Innate Abilities, Weirdness & Mutations

Your experience applies equally to all skills.
You have very sharp teeth.
Your uncanny sense of smell can sniff out nearby items.


Message History

The demonic crawler is severely wounded.
The demonic crawler hits you.
* * * LOW HITPOINT WARNING * * *
The demonic crawler closely misses you. x2; You riposte.
You hit the demonic crawler.
The demonic crawler convulses.
Your bite misses the demonic crawler.
The demonic crawler is severely wounded.
The demonic crawler hits you!
* * * LOW HITPOINT WARNING * * *
The demonic crawler barely misses you.
You barely miss the demonic crawler.
The demonic crawler is severely wounded.
The demonic crawler completely misses you.
The demonic crawler closely misses you.
The demonic crawler hits you but does no damage.
Unknown command.
You hit the demonic crawler.
The demonic crawler convulses.
The demonic crawler is almost dead.
The demonic crawler hits you.
You die...

___.#
_...###########++######
###'##................#
))'.##......#..#......#
###.##................+
.....'................+
'#####......#..#......#
.#..##................#
.'..#####'#####'@######
##'###.......##'s#
.†..##.......##...
....##.......##....
'#####...<...##..###
))[.##.......##..'
))[.##.......##..#
######.......##..#
.#.)##########


You could see a demonic crawler.

Vanquished Creatures
  A swamp dragon (D)
  A smoke demon (D)
  A porcupine (D)
  4 wights (D)
  2 quasits (D)
  A gnoll shaman (D)
  An iron imp (D)
  A hell rat (D)
  5 gnolls (D)
  2 adders (D)
  An ufetubus (D)
  3 leopard geckos (D)
  A bat skeleton (D)
  2 giant cockroaches (D)
  3 jackals (D)
  A kobold (D)
  2 bats (D)
32 creatures vanquished.

Vanquished Creatures (others)
  A spectral weapon (D)
1 creature vanquished.

Grand Total: 33 creatures vanquished

Notes
Turn   | Place    | Note
-------+----------+-------------------------------------------
     0 | D        | potatolord6000 the Gnoll Skald began the quest for the Orb.
     0 | D        | Reached XP level 1. HP: 20/20 MP: 6/6
    22 | D        | Reached skill level 1 in Short Blades
    22 | D        | Reached skill level 1 in Axes
    22 | D        | Reached skill level 1 in Staves
    22 | D        | Reached skill level 1 in Shields
    22 | D        | Reached skill level 5 in Spellcasting
    22 | D        | Reached skill level 1 in Hexes
    22 | D        | Reached skill level 1 in Summonings
    22 | D        | Reached skill level 1 in Necromancy
    22 | D        | Reached skill level 1 in Translocations
    22 | D        | Reached skill level 1 in Fire Magic
    22 | D        | Reached skill level 1 in Poison Magic
    22 | D        | Reached XP level 2. HP: 6/26 MP: 8/8
    57 | D        | Found a bloodstained altar of Trog.
    57 | D        | Found a deep blue altar of Sif Muna.
    57 | D        | Found a viscous altar of Jiyva.
    57 | D        | Found a hazy altar of Hepliaklqana.
    57 | D        | Found an opulent altar of Gozag.
    58 | D        | Found a glowing golden altar of the Shining One.
    58 | D        | Found a glowing silver altar of Zin.
    58 | D        | Found a basalt altar of Yredelemnul.
    58 | D        | Found a shimmering altar of Xom.
    58 | D        | Found an ornate altar of the Wu Jian Council.
    58 | D        | Found a sacrificial altar of Ru.
    58 | D        | Found a stormy altar of Qazlal.
    58 | D        | Found an iron altar of Okawaru.
    58 | D        | Found a sparkling altar of Nemelex Xobeh.
    58 | D        | Found a burning altar of Makhleb.
    58 | D        | Found a blossoming altar of Fedhas.
    58 | D        | Found a white marble altar of Elyvilon.
    58 | D        | Found a shadowy altar of Dithmenos.
    58 | D        | Found a snail-covered altar of Cheibriados.
    60 | D        | Found a radiant altar of Vehumet.
    60 | D        | Found a corrupted altar of Lugonu.
    60 | D        | Found a roughly hewn altar of Beogh.
    61 | D        | Found a hide-covered altar of Uskayaw.
    61 | D        | Found an ancient bone altar of Kikubaaqudgha.
    61 | D        | Found a shattered altar of Ashenzari.
   262 | D        | Became a worshipper of Sif Muna the Loreminder
   277 | D        | Reached skill level 1 in Polearms
   281 | D        | Reached skill level 1 in Throwing
   289 | D        | Learned a level 2 spell: Song of Slaying
   292 | D        | Learned a level 2 spell: Shroud of Golubria
   294 | D        | Reached skill level 1 in Slings
   294 | D        | Reached skill level 1 in Crossbows
   294 | D        | Reached skill level 1 in Stealth
   294 | D        | Reached skill level 1 in Earth Magic
   300 | D        | Reached * piety under Sif Muna
   300 | D        | Reached skill level 1 in Conjurations
   302 | D        | Reached skill level 1 in Invocations
   353 | D        | Reached skill level 1 in Maces & Flails
   353 | D        | Reached skill level 1 in Unarmed Combat
   353 | D        | Reached skill level 1 in Ice Magic
   353 | D        | Reached XP level 3. HP: 23/32 MP: 7/10
   360 | D        | Reached skill level 5 in Long Blades
   363 | D        | Reached skill level 1 in Transmutations
   460 | D        | Learned a level 3 spell: Spectral Weapon
   464 | D        | Noticed a porcupine
   467 | D        | Reached skill level 1 in Bows
   468 | D        | Killed a porcupine
   468 | D        | Reached ** piety under Sif Muna
   468 | D        | Reached skill level 5 in Fighting
   468 | D        | Reached skill level 5 in Dodging
   468 | D        | Reached XP level 4. HP: 25/39 MP: 3/12
   468 | D        | Reached XP level 5. HP: 28/44 MP: 3/13
   474 | D        | Reached skill level 5 in Armour
   478 | D        | Reached *** piety under Sif Muna
   486 | D        | Reached XP level 6. HP: 28/52 MP: 6/15
   493 | D        | Reached skill level 5 in Translocations
   493 | D        | Reached skill level 5 in Earth Magic
   496 | D        | Noticed a smoke demon
   501 | D        | Killed a smoke demon
   501 | D        | Reached **** piety under Sif Muna
   501 | D        | Reached skill level 5 in Axes
   501 | D        | Reached skill level 5 in Polearms
   501 | D        | Reached skill level 5 in Slings
   501 | D        | Reached skill level 5 in Throwing
   501 | D        | Reached skill level 5 in Stealth
   501 | D        | Reached skill level 5 in Shields
   501 | D        | Reached skill level 5 in Conjurations
   501 | D        | Reached skill level 5 in Hexes
   501 | D        | Reached skill level 5 in Summonings
   501 | D        | Reached skill level 5 in Necromancy
   501 | D        | Reached skill level 5 in Fire Magic
   501 | D        | Reached skill level 5 in Ice Magic
   501 | D        | Reached skill level 5 in Invocations
   501 | D        | Reached skill level 5 in Evocations
   501 | D        | Reached XP level 7. HP: 28/60 MP: 8/17
   686 | D        | Reached skill level 5 in Short Blades
   686 | D        | Reached skill level 5 in Staves
   686 | D        | Reached skill level 5 in Transmutations
   686 | D        | Reached skill level 5 in Poison Magic
   691 | D        | Reached skill level 5 in Maces & Flails
   691 | D        | Reached skill level 5 in Unarmed Combat
   882 | D        | Noticed a swamp dragon
   888 | D        | Reached skill level 5 in Bows
   892 | D        | Reached ***** piety under Sif Muna
   892 | D        | Identified Limoorec's Disquisition on Dark Confrontation (Sif Muna gifted it to you in the Dungeon)
   892 | D        | Received a gift from Sif Muna
   892 | D        | Reached skill level 5 in Crossbows
   900 | D        | HP: 1/60 [swamp dragon (3)]
   903 | D        | Killed a swamp dragon
   903 | D        | Reached skill level 5 in Air Magic
   903 | D        | Reached XP level 8. HP: 4/68 MP: 12/20
   917 | D        | Learned a level 4 spell: Force Lance
   919 | D        | Learned a level 1 spell: Animate Skeleton
  1166 | D        | Noticed a demonic crawler
  1170 | D        | HP: 2/68 [demonic crawler (10)]
  1172 | D        | Slain by a demonic crawler

Vault maps used:
D:        pitsprint

Skill      XL: |  1  2  3  4  5  6  7 |
---------------+----------------------+-----
Short Blades   | 1 3 4 6 |  6.5
Axes           | 1 3 5 6 |  6.3
Staves         | 1 3 4 6 |  6.0
Armour         | 3 4 5 6 7 |  7.1
Shields        | 1 2 3 5 6 |  6.5
Spellcasting   | 5 6 7 8 |  8.3
Hexes          | 1 2 4 5 7 |  7.0
Summonings     | 1 2 3 4 5 6 |  6.5
Necromancy     | 1 3 4 5 6 |  6.6
Translocations | 1 2 4 6 7 |  7.2
Fire Magic     | 1 3 4 5 6 |  6.3
Poison Magic   | 1 3 4 6 |  6.3
Evocations     | 2 3 4 5 |  5.9
Polearms       | 2 3 4 5 6 |  6.4
Throwing       | 1 3 4 5 6 |  6.3
Slings         | 1 3 4 5 6 |  6.3
Crossbows      | 1 3 4 5 |  5.8
Stealth        | 1 3 4 5 6 |  6.0
Earth Magic    | 1 3 4 5 6 |  6.7
Conjurations   | 1 3 5 6 |  6.2
Invocations    | 1 3 4 5 6 |  6.3
Maces & Flails | 1 2 3 4 6 |  6.0
Unarmed Combat | 1 2 3 4 5 |  5.8
Ice Magic      | 1 3 4 5 6 |  6.3
Long Blades    | 6 7 8 |  8.5
Transmutations | 2 3 4 6 |  6.2
Bows           | 2 3 4 5 |  5.9
Fighting       | 5 6 7 |  7.8
Dodging        | 5 6 7 8 |  8.2
Charms         | 7 8 |  8.9
Air Magic      | 2 4 5 |  5.1

Action                   |  1- 3 |  4- 6 |  7- 9 || total
-------------------------+-------+-------+-------++-------
Melee: Falchion          |    33 |       |       ||    33
       Bite              |     3 |     5 |     4 ||    12
       Long sword        |     4 |    18 |    33 ||    55
 Cast: Song of Slaying   |     2 |       |       ||     2
       Shroud of Golubri |     1 |       |     1 ||     2
       Spectral Weapon   |     1 |       |     1 ||     2
       Infusion          |       |       |     1 ||     1
       Animate Skeleton  |       |       |     1 ||     1
  Use: Potion            |     1 |     2 |     5 ||     8
       Scroll            |       |       |     2 ||     2
 Stab: Sleeping          |     1 |       |     1 ||     2
       Distracted        |       |       |     1 ||     1
  Eat: Meat ration       |       |       |     2 ||     2
Armor: Leather armour    |    22 |     5 |     7 ||    34
Dodge: Dodged            |    51 |    12 |    53 ||   116
       Rpst.: Falchion   |    17 |       |       ||    17
       Long sword        |       |     3 |     3 ||     6

Table legend:
 A = Spawn XP
 B = Non-spawn XP
 C = Spawn XP percentage of total XP
 D = Spawn monster count
 E = Non-spawn monster count
 F = Spawn count percentage of total count
 G = Total turns spent on level
                    A         B        C        D         E        F      G
               +---------+---------+-------+---------+---------+-------+---------
         Total |       0 |    1861 |   0.0 |       0 |      32 |   0.0 |  1172
               +---------+---------+-------+---------+---------+-------+---------
             D |       0 |    1861 |   0.0 |       0 |      32 |   0.0 |  1172
               +---------+---------+-------+---------+---------+-------+---------
